 Dungeon Crawl Stone Soup version 0.31.0-1-g2c135a008e (webtiles) character file.

Game seed: 8974314968837252152

8876 qw the Skirmisher (level 11, -1/81 HPs)
             Began as a Djinni Hunter on Jan 23, 2024.
             Was an Elder of Okawaru.
             Slain by a cane toad (13 damage)
             ... on level 2 of the Lair of Beasts.
             The game lasted 00:00:49 (8928 turns).

qw the Skirmisher (Djinni Hunter)                   Turns: 8928, Time: 00:00:50

Health: -1/81      AC: 11    Str: 10    XL:     11   Next: 63%
Gold:   384        EV: 17    Int: 11    God:    Okawaru [****..] SH:  0 Dex: 21

rFire   + + .        i - +0 arbalest
rCold   . . .        (shield currently unavailable)
rNeg    . . .        k - +3 leather armour {rC+}
rPois   inf          p - +2 hat
rElec   .            l - +2 cloak
rCorr   .            (no gloves)
SInv    .            (boots unavailable)
Will    +....        (no amulet)
Stlth   ++           m - +4 ring of slaying {mikee}
HPRegen 0.33/turn    (no ring)
MPRegen 0.00/turn

%: infuse magic (-2 HP)
@: about to teleport, flying
A: sickness immunity, fire resistance 2, cold vulnerability 1, float, innate
caster, HP casting, extra vitality 1, antennae 1, subdued magic 1
a: Renounce Religion, Heroism, Finesse


You were on level 2 of the Lair of Beasts.
You worshipped Okawaru.
Okawaru was greatly pleased with you.
You visited 3 branches of the dungeon, and saw 11 of its levels.
You also visited: Ossuary.

You collected 615 gold pieces.
You spent 231 gold pieces at shops.


Innate Abilities, Weirdness & Mutations

You are immune to sickness and miasma.
You are immune to poison.
Your flesh is very heat resistant. (rF++)
You are vulnerable to cold. (rC-)
You float through the air rather than walking.
You learn spells naturally, not from books.
Your magical power is your life essence.
You have superior vitality. (+4 MHP)
You have a pair of small antennae on your head.
Your spells are a little easier to cast, but a little less powerful.


   Skills:
 - Level 8.1 Fighting
 - Level 11.0 Ranged Weapons
 - Level 3.0 Armour
 + Level 8.2 Dodging
 - Level 0.7 Stealth
 + Level 5.0 Invocations


You knew the following spells:

 Your Spells              Type           Power      Damage    Failure   Level
a - Sting                 Conj/Alch      0%         1d3       38%         1
b - Searing Ray           Conj           0%         2d4       52%         2
c - Ensorcelled Hibernat  Hex/Ice        0%         N/A       52%         2
d - Passwall              Erth           0%         N/A       77%         3
e - Iskenderun's Battles  Conj           0%         2d6       100%        5
Your spell library was empty.

Inventory:

Hand Weapons
 i - a +0 arbalest (weapon)
Armour
 a - a +0 troll leather armour
 k - a +3 leather armour of cold resistance (worn)
 l - a +2 cloak (worn)
 p - a +2 hat (worn)
Jewellery
 d - a ring of fire
 m - a +4 ring of slaying (left hand) {mikee}
Scrolls
 j - 2 scrolls of enchant armour
Potions
 b - 4 potions of curing
 c - a potion of might
 e - a potion of enlightenment
 g - 5 potions of haste
 n - a potion of mutation

Dungeon Overview and Level Annotations

Branches:
Dungeon (8/15)             Temple (1/1) D:4            Lair (2/5) D:8
Ossuary (visited)
  Swamp: Lair:2-3    Shoals: Lair:2-3     Snake: Lair:2-3    Spider: Lair:2-3

Altars:
Ashenzari
Cheibriados
Dithmenos
Elyvilon
Fedhas
Gozag
Hepliaklqana
Makhleb
Nemelex Xobeh
Okawaru
Qazlal
Ru
Trog
Uskayaw
Wu Jian
Xom
Yredelemnul
Zin
The Shining One

Shops:
D:2 ?   D:3 !

Annotations:
D:8 3 runed translucent doors, qw's ghost, journeyman DjHu


Message History

The wolf barely misses you. The cane toad completely misses you.
The wolf closely misses you. The cane toad misses you.
You shoot a bolt.
The bolt hits the wolf but does no damage.
The wolf bites you but does no damage.
The cane toad stings you but does no damage.
The wolf barely misses you.
The cane toad stings you but does no damage.
The wolf bites you.
You shoot a bolt. The bolt barely misses the wolf.
The wolf misses you. The cane toad misses you. The wolf closely misses you.
A giant cockroach comes into view.
You shoot a bolt. The bolt hits the wolf!
The wolf is heavily wounded.
The wolf misses you. The cane toad completely misses you. The wolf misses you.
The cane toad completely misses you.
You shoot a bolt. The bolt completely misses the wolf.
The wolf closely misses you. The wolf barely misses you.
The cane toad stings you!
The giant cockroach bites you but does no damage.
You shoot a bolt. The bolt closely misses the wolf.
The wolf bites you. The cane toad misses you. The wolf bites you.
The giant cockroach bites you. The cane toad misses you.
The wolf closely misses you. The giant cockroach closely misses you.
8926 ||| READING scroll of teleportation.
As you read the scroll of teleportation, it crumbles to dust.
You feel strangely unstable. The wolf misses you. The cane toad misses you.
The giant cockroach barely misses you. The wolf bites you but does no damage.
You shoot a bolt. The bolt hits the wolf!
The wolf is almost dead.
The cane toad completely misses you. The wolf closely misses you.
The giant cockroach closely misses you. The cane toad misses you.
The wolf closely misses you.
A ribbon worm comes into view.
You shoot a bolt. The bolt hits the wolf!
You kill the wolf!
Okawaru accepts your kill. The giant cockroach bites you.
The cane toad stings you!
You die...

...... ..}...##
.h.h../.######P...##.P
..#.....##............
#..#h................
#...#...##...........
#.....#...........
#.##h..............
#@#..............
#PFB#...#..<.......
..w..B#.>............
........#..............
#.......#..#...........
#...##.###.#.#.###.....
..## ## ####### ....#
.. .... ...#


You could see a cane toad, a wolf, a ribbon worm and 2 giant cockroaches.

Vanquished Creatures
  Joseph (D:8)
  2 black mambas (Lair:1)
  A rime drake (Lair:1)
  2 komodo dragons (Lair:1)
  A troll (D:8)
  An unseen horror skeleton (D:7)
  9 blink frogs (Lair:1)
  A wyvern (D:8)
  2 steam dragons (D:7)
  8 water moccasins
  An orc warrior (D:6)
  2 sky beasts
  A black bear (D:6)
  5 wolves
  2 centaurs
  2 phantoms
  A spectral wyvern (D:7)
  A bullfrog (Lair:1)
  A kobold brigand (D:8)
  A necrophage (D:7)
  8 scorpions
  5 wights (D:7)
  10 killer bees (D:8)
  4 electric eels (D:8)
  A bombardier beetle (D:5)
  6 centaur zombies (Ossuary)
  6 hounds
  A human zombie (Ossuary)
  2 jellies
  3 orc priests
  2 sleepcaps
  A bullfrog skeleton (D:7)
  An iguana (D:7)
  3 orc wizards
  5 scorpion zombies (Ossuary)
  A centaur simulacrum (D:7)
  3 mummies (Ossuary)
  8 gnolls
  7 adders
  3 white imps
  2 ufetubi (D:5)
  2 dart slugs
  4 ribbon worms
  20 orcs
  7 endoplasms
  4 giant cockroaches
  A gnoll zombie (Ossuary)
  4 goblins
  7 hobgoblins
  5 jackals
  7 quokkas
  5 ball pythons
  2 ball python zombies (Ossuary)
  2 bats
  3 frilled lizards
  2 jackal zombies (Ossuary)
  16 kobolds
  4 orc zombies (Ossuary)
  5 rats
227 creatures vanquished.

Notes
Turn   | Place    | Note
-------+----------+-------------------------------------------
     0 | D:1      | qw the Djinni Hunter began the quest for the Orb.
     0 | D:1      | Reached XP level 1. HP: 18/18 MP: 0/0
     0 | D:1      | 0 ||| qw: Version: 0.3-a-136-gdd3b4e8
     0 | D:1      | 0 ||| qw: Game counter: 1185
     0 | D:1      | 0 ||| qw: Melee chars always use a shield: true
     0 | D:1      | 0 ||| qw: God list: Okawaru
     0 | D:1      | 0 ||| qw: Allow faded altars: false
     0 | D:1      | 0 ||| qw: Do Orc after clearing Dungeon:15 true
     0 | D:1      | 0 ||| qw: Do second Lair branch before Depths: true
     0 | D:1      | 0 ||| qw: Lair rune preference: random
     0 | D:1      | 0 ||| qw: Goals: Normal
     0 | D:1      | 0 ||| PLANNING D:1-11
   397 | D:1      | Reached XP level 2. HP: 23/23 MP: 0/0
   415 | D:1      | Found a faded altar of an unknown god.
   721 | D:1      | 721 ||| READING scroll labelled LOGIRR SINISK.
   724 | D:1      | 724 ||| DRINKING 2 grey potions.
   725 | D:1      | 725 ||| DROPPING scroll of butterflies.
   726 | D:1      | 726 ||| DROPPING potion of degeneration.
   791 | D:2      | 791 ||| STAIRDANCE
   796 | D:2      | 796 ||| STAIRDANCE
   802 | D:1      | Reached skill level 4 in Ranged Weapons
   802 | D:1      | Reached XP level 3. HP: 22/28 MP: 0/0
   802 | D:1      | Learned a level 1 spell: Sting
  1213 | D:2      | Reached XP level 4. HP: 34/34 MP: 0/0
  1236 | D:2      | Found Irium's Magic Scroll Shop.
  1245 | D:2      | 1245 ||| BUYING scroll of enchant armour (105 gold).
  1245 | D:2      | Bought a scroll of enchant armour for 105 gold pieces
  1245 | D:2      | 1245 ||| BUYING scroll of identify (28 gold).
  1245 | D:2      | Bought a scroll of identify for 28 gold pieces
  1245 | D:2      | 1245 ||| BUYING scroll of identify (28 gold).
  1245 | D:2      | Bought a scroll of identify for 28 gold pieces
  1245 | D:2      | 1245 ||| BUYING scroll of identify (28 gold).
  1245 | D:2      | Bought a scroll of identify for 28 gold pieces
  1245 | D:2      | 1245 ||| SHOPLISTING scroll of teleportation (42 gold, have
                  | 4).
  1435 | D:2      | Reached skill level 3 in Fighting
  1459 | D:2      | 1459 ||| DROPPING scarf of harm.
  1460 | D:2      | 1460 ||| READING 7 scrolls of identify.
  1460 | D:2      | 1460 ||| IDENTIFYING ruby potion
  1461 | D:2      | 1461 ||| READING 6 scrolls of identify.
  1461 | D:2      | 1461 ||| IDENTIFYING pink potion
  1462 | D:2      | 1462 ||| READING 5 scrolls of identify.
  1462 | D:2      | 1462 ||| IDENTIFYING amethyst potion
  1463 | D:2      | 1463 ||| READING 4 scrolls of identify.
  1463 | D:2      | 1463 ||| IDENTIFYING scroll labelled MIBIOSOAL
  1464 | D:2      | 1464 ||| DROPPING scroll of fog.
  1465 | D:2      | 1465 ||| DROPPING potion of magic.
  1608 | D:3      | 1608 ||| RETREEEEATING.
  1614 | D:3      | Reached skill level 3 in Dodging
  1620 | D:3      | HP: 8/35 [gnoll/+0 spear (7)]
  1623 | D:3      | HP: 2/35 [gnoll/+0 spear (5)]
  1625 | D:3      | Reached XP level 5. HP: 3/40 MP: 0/0
  1625 | D:3      | Learned a level 2 spell: Searing Ray
  1884 | D:3      | Found Syinoukh's Distillery.
  1891 | D:3      | 1891 ||| SHOPLISTING 2 potions of heal wounds (140 gold,
                  | have 89).
  1891 | D:3      | 1891 ||| BUYING potion of curing (42 gold).
  1891 | D:3      | Bought a potion of curing for 42 gold pieces
  1891 | D:3      | 1891 ||| SHOPLISTING potion of enlightenment (70 gold, have
                  | 47).
  2238 | D:3      | 2238 ||| UPGRADING to +3 ring mail.
  2248 | D:3      | 2248 ||| DROPPING +0 leather armour.
  2249 | D:3      | 2249 ||| READING 5 scrolls of identify.
  2249 | D:3      | 2249 ||| IDENTIFYING scroll labelled OKHE POUNAE
  2250 | D:3      | 2250 ||| READING scroll of brand weapon.
  2250 | D:3      | 2250 ||| BRANDING +0 shortbow.
  2284 | D:4      | 2284 ||| PLANNING OSSUARY
  2288 | D:4      | Found a sand-covered staircase.
  2297 | Ossuary  | Entered an ossuary
  2312 | Ossuary  | Reached skill level 1 in Armour
  2337 | Ossuary  | Reached skill level 5 in Ranged Weapons
  2337 | Ossuary  | Reached XP level 6. HP: 26/46 MP: 0/0
  2492 | Ossuary  | Reached XP level 7. HP: 26/52 MP: 0/0
  2492 | Ossuary  | Learned a level 2 spell: Ensorcelled Hibernation
  2500 | Ossuary  | HP: 13/52 [centaur zombie (1)]
  2672 | Ossuary  | Reached skill level 6 in Ranged Weapons
  2758 | Ossuary  | Reached XP level 8. HP: 54/58 MP: 0/0
  3021 | Ossuary  | 3021 ||| UPGRADING to +4 ring of slaying {mikee}.
  3022 | Ossuary  | 3022 ||| READING 8 scrolls of identify.
  3022 | Ossuary  | 3022 ||| IDENTIFYING fizzy brown potion
  3023 | Ossuary  | 3023 ||| READING 7 scrolls of identify.
  3023 | Ossuary  | 3023 ||| IDENTIFYING blue potion
  3024 | Ossuary  | 3024 ||| READING 6 scrolls of identify.
  3024 | Ossuary  | 3024 ||| IDENTIFYING glowing amethyst potion
  3025 | Ossuary  | 3025 ||| READING 5 scrolls of identify.
  3025 | Ossuary  | 3025 ||| IDENTIFYING viscous grey potion
  3026 | Ossuary  | 3026 ||| READING 4 scrolls of identify.
  3026 | Ossuary  | 3026 ||| IDENTIFYING scroll labelled RIDGHIU SUUH
  3027 | Ossuary  | 3027 ||| DROPPING scroll of blinking.
  3028 | Ossuary  | 3028 ||| DROPPING potion of lignification.
  3029 | Ossuary  | 3029 ||| DROPPING potion of attraction.
  3064 | D:4      | 3064 ||| PLANNING D:1-11
  3141 | D:4      | Reached skill level 7 in Ranged Weapons
  3493 | D:4      | Found a staircase to the Ecumenical Temple.
  3494 | D:4      | 3494 ||| PLANNING TEMPLE
  3494 | D:4      | 3494 ||| UPGRADING to +2 cloak.
  3499 | D:4      | 3499 ||| READING 4 scrolls of identify.
  3499 | D:4      | 3499 ||| IDENTIFYING scroll labelled FIKOWY BIURE
  3500 | D:4      | 3500 ||| DROPPING scroll of immolation.
  3505 | Temple   | Found a transporter.
  3505 | Temple   | Found a transporter.
  3505 | Temple   | Found a transporter.
  3505 | Temple   | Found a transporter.
  3505 | Temple   | Entered the Ecumenical Temple
  3506 | Temple   | 3506 ||| PLANNING D:1-11
  3955 | D:4      | 3955 ||| READING 3 scrolls of identify.
  3955 | D:4      | 3955 ||| IDENTIFYING scroll labelled QEYTOECL VAOZAIVO
  3956 | D:4      | 3956 ||| DROPPING scroll of noise.
  3981 | D:5      | Entered Level 5 of the Dungeon
  4487 | D:5      | 4487 ||| READING 3 scrolls of identify.
  4487 | D:5      | 4487 ||| IDENTIFYING brown potion
  4623 | D:6      | Reached XP level 9. HP: 65/65 MP: 0/0
  4623 | D:6      | Learned a level 3 spell: Passwall
  4763 | D:6      | 4763 ||| FLEEEEING.
  4771 | D:6      | Reached skill level 8 in Ranged Weapons
  4773 | D:6      | HP: 13/65 [orc warrior/+0 trident (8)]
  4774 | D:6      | 4774 ||| READING scroll of teleportation.
  4775 | D:6      | 4775 ||| DRINKING potion of heal wounds.
  4917 | D:6      | 4917 ||| SWAPPING to +0 orcbow.
  4918 | D:6      | 4918 ||| DROPPING +0 heavy shortbow.
  5125 | D:6      | 5125 ||| READING 3 scrolls of identify.
  5125 | D:6      | 5125 ||| IDENTIFYING silvery potion
  5126 | D:6      | 5126 ||| DROPPING potion of ambrosia.
  5242 | D:7      | Reached skill level 6 in Fighting
  5435 | D:7      | Identified the +5 great sword of the Apocalypse {venom,
                  | *Slow rElec Will++ Str+3}
  5553 | D:7      | Found a blossoming altar of Fedhas.
  5562 | D:7      | Found an iron altar of Okawaru.
  5563 | D:7      | 5563 ||| PLANNING OKAWARU WORSHIP
  5563 | D:7      | 5563 ||| UPGRADING to +0 helmet.
  5568 | D:7      | 5568 ||| READING 4 scrolls of enchant armour.
  5568 | D:7      | 5568 ||| ENCHANTING +0 helmet.
  5569 | D:7      | 5569 ||| READING 3 scrolls of enchant armour.
  5569 | D:7      | 5569 ||| ENCHANTING +1 helmet.
  5570 | D:7      | 5570 ||| READING 3 scrolls of identify.
  5570 | D:7      | 5570 ||| IDENTIFYING yellow potion
  5571 | D:7      | 5571 ||| READING 2 scrolls of identify.
  5571 | D:7      | 5571 ||| IDENTIFYING murky cyan potion
  5572 | D:7      | 5572 ||| DRINKING potion of mutation.
  5572 | D:7      | Gained mutation: Your spells are a little easier to cast,
                  | but a little less powerful. [potion of mutation]
  5572 | D:7      | Gained mutation: You have a pair of small antennae on your
                  | head. [potion of mutation]
  5573 | D:7      | 5573 ||| DROPPING +2 helmet.
  5574 | D:7      | 5574 ||| DROPPING potion of brilliance.
  5576 | D:7      | Found a snail-covered altar of Cheibriados.
  5580 | D:7      | Became a worshipper of Warmaster Okawaru
  5581 | D:7      | 5581 ||| PLANNING D:1-11
  5766 | D:7      | 5766 ||| RETREEEEATING.
  5767 | D:7      | 5767 ||| RETREEEEATING.
  5768 | D:7      | 5768 ||| RETREEEEATING.
  5773 | D:7      | 5773 ||| RETREEEEATING.
  5774 | D:7      | 5774 ||| RETREEEEATING.
  5775 | D:7      | 5775 ||| RETREEEEATING.
  5777 | D:7      | 5777 ||| RETREEEEATING.
  5779 | D:7      | 5779 ||| RETREEEEATING.
  5785 | D:7      | Reached skill level 9 in Ranged Weapons
  5795 | D:7      | 5795 ||| RETREEEEATING.
  5800 | D:7      | 5800 ||| RETREEEEATING.
  5801 | D:7      | 5801 ||| RETREEEEATING.
  5803 | D:7      | 5803 ||| RETREEEEATING.
  5809 | D:7      | 5809 ||| RETREEEEATING.
  5810 | D:7      | 5810 ||| RETREEEEATING.
  5811 | D:7      | 5811 ||| RETREEEEATING.
  5813 | D:7      | Reached * piety under Okawaru
  5815 | D:7      | Reached XP level 10. HP: 53/72 MP: 0/0
  5824 | D:7      | Reached skill level 1 in Invocations
  5879 | D:7      | Reached skill level 6 in Dodging
  5885 | D:7      | Identified the +8 dagger "Ubuvap Gugu" {pain, ^Fragile rN+
                  | Str+6 Dex+3}
  6027 | D:8      | 6027 ||| RETREEEEATING.
  6028 | D:8      | 6028 ||| RETREEEEATING.
  6029 | D:8      | 6029 ||| RETREEEEATING.
  6182 | D:8      | Reached skill level 3 in Invocations
  6183 | D:8      | HP: 16/73 [electric eel/bolt of electricity (15)]
  6184 | D:8      | 6184 ||| READING scroll of teleportation.
  6192 | D:8      | HP: 14/73 [killer bee (3)]
  6197 | D:8      | HP: 14/75 [killer bee (2)]
  6495 | D:8      | 6495 ||| FLEEEEING.
  6496 | D:8      | 6496 ||| FLEEEEING.
  6497 | D:8      | 6497 ||| FLEEEEING.
  6539 | D:8      | 6539 ||| FLEEEEING.
  6540 | D:8      | 6540 ||| FLEEEEING.
  6541 | D:8      | 6541 ||| FLEEEEING.
  6543 | D:8      | 6543 ||| FLEEEEING.
  6544 | D:8      | 6544 ||| FLEEEEING.
  6545 | D:8      | 6545 ||| STAIRDANCE
  6586 | D:8      | 6586 ||| FLEEEEING.
  6587 | D:8      | 6587 ||| FLEEEEING.
  6598 | D:8      | Reached skill level 3 in Armour
  6604 | D:8      | Reached ** piety under Okawaru
  6608 | D:8      | 6608 ||| FLEEEEING.
  6745 | D:8      | 6745 ||| FLEEEEING.
  6746 | D:8      | 6746 ||| FLEEEEING.
  6747 | D:8      | 6747 ||| FLEEEEING.
  6777 | D:8      | 6777 ||| FLEEEEING.
  6820 | D:8      | 6820 ||| FLEEEEING.
  6877 | D:8      | 6877 ||| FLEEEEING.
  6922 | D:8      | Found a staircase to the Lair.
  6968 | D:8      | 6968 ||| SWAPPING to +0 arbalest.
  6970 | D:8      | 6970 ||| DROPPING +0 orcbow.
  6974 | D:8      | 6974 ||| FLEEEEING.
  6975 | D:8      | 6975 ||| FLEEEEING.
  6976 | D:8      | 6976 ||| FLEEEEING.
  6977 | D:8      | 6977 ||| FLEEEEING.
  6978 | D:8      | 6978 ||| FLEEEEING.
  6979 | D:8      | 6979 ||| FLEEEEING.
  6980 | D:8      | 6980 ||| FLEEEEING.
  6981 | D:8      | 6981 ||| FLEEEEING.
  6982 | D:8      | 6982 ||| FLEEEEING.
  6983 | D:8      | 6983 ||| FLEEEEING.
  6984 | D:8      | 6984 ||| FLEEEEING.
  6985 | D:8      | 6985 ||| FLEEEEING.
  6986 | D:8      | 6986 ||| FLEEEEING.
  6989 | D:8      | 6989 ||| FLEEEEING.
  6991 | D:8      | 6991 ||| FLEEEEING.
  6992 | D:8      | 6992 ||| FLEEEEING.
  7023 | D:8      | Found a runed translucent gate.
  7025 | D:8      | Noticed qw's ghost (journeyman DjHu)
  7028 | D:8      | Found a runed translucent gate.
  7028 | D:8      | Found a runed translucent gate.
  7219 | D:8      | Noticed Joseph
  7220 | D:8      | 7220 ||| INVOKING Heroism.
  7228 | D:8      | Killed Joseph
  7229 | D:8      | Reached skill level 10 in Ranged Weapons
  7449 | D:8      | 7449 ||| PLANNING LAIR
  7449 | D:8      | 7449 ||| UPGRADING to +0 troll leather armour.
  7459 | D:8      | 7459 ||| DROPPING +3 ring mail.
  7460 | D:8      | 7460 ||| UPGRADING to +3 leather armour of cold resistance.
  7498 | Lair:1   | Entered Level 1 of the Lair of Beasts
  7499 | Lair:1   | 7499 ||| INVOKING Heroism.
  7500 | Lair:1   | 7500 ||| RETREEEEATING.
  7507 | Lair:1   | 7507 ||| RETREEEEATING.
  7508 | Lair:1   | 7508 ||| RETREEEEATING.
  7509 | Lair:1   | 7509 ||| RETREEEEATING.
  7632 | Lair:1   | Noticed a black mamba
  7633 | Lair:1   | 7633 ||| INVOKING Heroism.
  7638 | Lair:1   | Killed a black mamba
  7639 | Lair:1   | Reached XP level 11. HP: 65/79 MP: 0/0
  7639 | Lair:1   | Learned a level 5 spell: Iskenderun's Battlesphere
  7772 | Lair:1   | Reached *** piety under Okawaru
  7883 | Lair:1   | 7883 ||| RETREEEEATING.
  7884 | Lair:1   | 7884 ||| RETREEEEATING.
  7885 | Lair:1   | 7885 ||| RETREEEEATING.
  7886 | Lair:1   | 7886 ||| RETREEEEATING.
  7889 | Lair:1   | 7889 ||| RETREEEEATING.
  7890 | Lair:1   | 7890 ||| RETREEEEATING.
  7891 | Lair:1   | 7891 ||| RETREEEEATING.
  7893 | Lair:1   | 7893 ||| RETREEEEATING.
  7907 | Lair:1   | HP: 18/81 [blink frog (12)]
  7908 | Lair:1   | 7908 ||| READING scroll of teleportation.
  7908 | Lair:1   | HP: 5/81 [blink frog (14)]
  8245 | Lair:1   | Reached **** piety under Okawaru
  8261 | Lair:1   | 8261 ||| RETREEEEATING.
  8262 | Lair:1   | 8262 ||| RETREEEEATING.
  8263 | Lair:1   | 8263 ||| RETREEEEATING.
  8264 | Lair:1   | 8264 ||| RETREEEEATING.
  8265 | Lair:1   | 8265 ||| RETREEEEATING.
  8266 | Lair:1   | 8266 ||| RETREEEEATING.
  8267 | Lair:1   | 8267 ||| RETREEEEATING.
  8268 | Lair:1   | 8268 ||| RETREEEEATING.
  8269 | Lair:1   | 8269 ||| RETREEEEATING.
  8609 | Lair:1   | Reached skill level 11 in Ranged Weapons
  8873 | Lair:1   | 8873 ||| UPGRADING to +2 hat.
  8878 | Lair:1   | 8878 ||| READING scroll of identify.
  8878 | Lair:1   | 8878 ||| IDENTIFYING 2 scrolls labelled FUZIDE HUREUWN
  8879 | Lair:1   | 8879 ||| DROPPING 2 scrolls of amnesia.
  8900 | Lair:2   | 8900 ||| RETREEEEATING.
  8901 | Lair:2   | 8901 ||| RETREEEEATING.
  8902 | Lair:2   | 8902 ||| RETREEEEATING.
  8925 | Lair:2   | HP: 20/81 [wolf (5)]
  8926 | Lair:2   | 8926 ||| READING scroll of teleportation.
  8928 | Lair:2   | Slain by a cane toad

Levels and vault maps discovered:
D:1:      lemuel_arrival_cross, layout_basic, basic_ecumenical_altar,
          minmay_crystal_water
D:2:      layout_basic, serial_shops, nicolae_shop_tiny_waterfront,
          minmay_pentomino_r4
D:3:      layout_basic, serial_shops, nicolae_diamond_shop, minivault_4
D:4:      kb_forest_paths, layout_basic, enter_ossuary_1,
          nicolae_figureground_pulse
D:5:      layout_basic
D:6:      layout_loops_cross
D:7:      layout_basic, chequers_temple_overflow_minitemple,
          dilly_guarded_unrand_morg
D:8:      layout_rooms, erik_lair_island, gammafunk_ghost_split, uniq_joseph
Temple:   hellmonk_temple_divided_pantheon
Lair:1:   layout_regular_city, cheibrodos_lair_reptile_den
Lair:2:   layout_long_grid, nicolae_spider_entry_non_spiders, grunt_megastairs_4

Skill      XL: |  1  2  3  4  5  6  7  8  9 10 11 |
---------------+----------------------------------+-----
Ranged Weapons | 4 5 6 7 9 10 11 | 11.0
Fighting       | 3 4 5 6 7 8 |  8.1
Dodging        | 3 4 5 7 8 |  8.2
Armour         | 1 2 3 |  3.0
Invocations    | 4 5 |  5.0
Stealth        | |  0.7

Action                     |  1- 3 |  4- 6 |  7- 9 | 10-12 || total
---------------------------+-------+-------+-------+-------++-------
   Fire: Shortbow          |    86 |   143 |   191 |       ||   420
         Orcbow            |       |       |    75 |    96 ||   171
         Arbalest          |       |       |       |   165 ||   165
 Invoke: Heroism           |       |       |       |     3 ||     3
    Use: Scroll            |     1 |     6 |    14 |     4 ||    25
         Potion            |     1 |       |     2 |       ||     3
 Armour: Leather armour    |    24 |    21 |       |    99 ||   144
         Ring mail         |       |    94 |   213 |   104 ||   411
  Dodge: Dodged            |    30 |    99 |   184 |   253 ||   566

Table legend:
 A = Non-vault XP
 B = Vault XP
 C = Vault XP percentage of total XP
 D = Non-vault monster count
 E = Vault monster count
 F = Vault count percentage of total count
                 A         B        C        D         E       F
            +---------+---------+-------+---------+---------+-------
      Total |    8261 |    4534 |  35.4 |     158 |      69 |  30.4
            +---------+---------+-------+---------+---------+-------
        D:1 |      34 |       0 |   0.0 |      13 |       0 |   0.0
        D:2 |      36 |       6 |  14.3 |      20 |       3 |  13.0
        D:3 |     128 |       0 |   0.0 |      22 |       0 |   0.0
        D:4 |     228 |      35 |  13.3 |      18 |       6 |  25.0
        D:5 |     200 |       0 |   0.0 |       8 |       0 |   0.0
        D:6 |     709 |       0 |   0.0 |      22 |       0 |   0.0
        D:7 |     618 |    1040 |  62.7 |       6 |      11 |  64.7
        D:8 |    1612 |    1139 |  41.4 |      32 |       8 |  20.0
     Lair:1 |    4696 |     769 |  14.1 |      17 |       7 |  29.2
     Lair:2 |       0 |     456 | 100.0 |       0 |       4 | 100.0
    Ossuary |       0 |    1089 | 100.0 |       0 |      30 | 100.0
            +---------+---------+-------+---------+---------+-------
